Map: Simulacrum LE

Players

prospeKt - Winner!

  • Race: Zerg Zerg
  • League: Platinum
  • Spawn Location: 11:00

ANALyzer

  • Race: Protoss Protoss
  • League: Diamond
  • Spawn Location: 5:00

VOD

Have the link to the VOD?

Description

Time

  • Played on: June 2, 2020, 3:02 p.m.
  • Length: 20:04
Show
View Real Time Build Order
Export as new Build Order

prospeKt Zerg - Winner!

Build Orders: Hatch First 

Get SALT Encoding   

  12  0:01  Drone  
  13  0:12  Overlord  
  13  0:16  Drone  
  14  0:30  Drone x2  
  14  0:35  Drone  
  17  1:05  Drone x2  
  17  1:06  Hatchery  
  18  1:16  Spawning Pool  
  17  1:18  Drone  
  18  1:41  Drone  
  18  1:42  Drone  
  18  1:44  Extractor  
  19  1:52  Drone  
  20  1:56  Overlord  
  20  2:06  Drone  
  21  2:14  Queen  
  23  2:19  Drone  
  23  2:20  Drone  
  25  2:28  Queen, Drone  
  28  2:34  Drone  
  29  2:42  Drone x2  
  31  2:47  Overlord  
  31  2:54  Lair  
  31  2:56  Drone  
  32  3:00  Drone  
  32  3:04  Queen  
  35  3:08  Drone x2  
  37  3:14  Drone  
  38  3:20  Overlord  
  38  3:22  Drone  
  39  3:32  Drone x3  
  42  3:35  Hatchery  
  42  3:39  Drone x4  
  42  3:40  Drone  
  46  3:54  Roach Warren, Evolution Chamber  
  44  3:55  Drone  
  44  3:56  Drone  
  44  3:58  Drone, Extractor  
  44  4:01  Extractor  
  44  4:02  Overlord  
  45  4:06  Drone x3  
  48  4:15  Drone x2  
  48  4:16  Drone x2  
  52  4:17  Overlord  
  52  4:31  Drone x2  
  54  4:38  Drone x4  
  58  4:46  Drone x2  
  58  4:48  Zerg Missile Weapons Level 1, Glial Reconstitution  
  60  4:53  Roach x2  
  64  5:00  Roach x2  
  68  5:07  Drone x2  
  68  5:09  Roach  
  68  5:12  Overlord  
  68  5:13  Extractor  
  68  5:14  Extractor  
  70  5:22  Roach  
  70  5:23  Overlord, Roach  
  70  5:24  Overlord  
  74  5:35  Drone  
  75  5:36  Drone  
  75  5:37  Roach x3  
  82  5:43  Drone x3  
  82  5:45  Roach  
  82  5:46  Roach  
  89  5:59  Drone x2  
  89  6:00  Drone x3  
  94  6:08  Drone x4  
  94  6:10  Overlord x2  
  98  6:11  Hatchery  
  98  6:16  Hydralisk Den  
  98  6:18  Evolution Chamber  
  95  6:24  Drone x3  
  98  6:38  Drone x3  
  101  6:40  Drone x3  
  101  6:44  Drone x2  
  101  6:46  Overlord x3  
  106  6:48  Drone x3  
  106  6:49  Drone  
  110  7:00  Hydralisk  
  110  7:01  Hydralisk  
  112  7:05  Hydralisk  
  112  7:06  Hatchery, Hydralisk  
  117  7:16  Hydralisk x3  
  117  7:19  Hydralisk x2  
  127  7:25  Drone x2  
  127  7:29  Extractor  
  128  7:31  Extractor  
  128  7:35  Hydralisk x4  
  135  7:39  Drone x3  
  138  7:47  Overlord x2  
  138  7:48  Hydralisk  
  138  7:49  Hydralisk x2  
  144  7:51  Zerg Missile Weapons Level 2  
  144  7:52  Zerg Ground Armor Level 1  
  144  7:54  Grooved Spines  
  144  8:06  Overlord x2  
  144  8:08  Hydralisk x8  
  160  8:18  Hydralisk x3  
  166  8:20  Overlord x2  
  166  8:29  Extractor  
  166  8:31  Hatchery  
  164  8:35  Hydralisk x9  
  164  8:40  Hydralisk x4  
  190  9:03  Hydralisk x4  
  190  9:05  Overlord x2  
  198  9:17  Hatchery  
  198  9:22  Hatchery  
  196  9:30  Drone  
  197  9:33  Drone x3  
  200  9:48  Spore Crawler  
  199  9:54  Spore Crawler  
  199  9:56  Spore Crawler  
  199  9:58  Spore Crawler  
  196  10:04  Spine Crawler  
  191  10:08  Hydralisk  
  191  10:09  Hydralisk x5  
  189  10:21  Hydralisk  
  189  10:22  Hydralisk x5  
  197  10:35  Zerg Ground Armor Level 2  
  193  10:39  Infestation Pit  
  190  10:44  Hydralisk  
  190  10:45  Hydralisk x9  
  184  11:15  Hydralisk  
  184  11:16  Hydralisk x15  
  196  11:24  Hydralisk x13  
  196  11:25  Hydralisk x10  
  192  11:34  Drone  
  192  11:35  Drone x4  
  192  11:36  Drone x3  
  200  11:44  Spire  
  200  11:45  Muscular Augments  
  199  11:48  Hive  
  199  11:52  Drone  
  200  12:15  Hatchery  
  195  12:19  Hydralisk x9  
  195  12:20  Hydralisk x5  
  155  12:38  Hydralisk  
  155  12:39  Hydralisk x6  
  169  12:57  Mutalisk  
  169  12:58  Mutalisk x2  
  175  13:14  Mutalisk x3, Zerg Flyer Weapons Level 1  
  181  13:22  Mutalisk  
  179  13:47  Mutalisk x5, Hatchery  
  176  13:49  Hatchery  
  176  13:54  Corruptor  
  175  14:04  Drone, Extractor  
  175  14:05  Drone x2  
  177  14:27  Spore Crawler x2  
  177  14:28  Spine Crawler, Spore Crawler  
  177  14:29  Corruptor x7  
  181  14:48  Corruptor x3  
  181  14:56  Extractor  
  180  15:00  Extractor  
  180  15:04  Corruptor  
  180  15:05  Corruptor x3  
  155  15:15  Hatchery  
  155  15:17  Corruptor  
  155  15:18  Corruptor  
  116  15:28  Corruptor x2  
  120  15:46  Hydralisk x9  
  138  16:10  Drone x4  
  138  16:11  Drone x4  
  139  16:18  Corruptor x2  
  139  16:19  Corruptor x5  
  139  16:21  Extractor  
  139  16:24  Extractor x2  
  140  16:33  Corruptor x3  
  143  16:40  Drone x12  
  143  16:46  Corruptor x2  
  154  17:02  Hydralisk x6  
  154  17:03  Hydralisk x2  
  170  17:16  Hydralisk x6  
  143  17:56  Hydralisk x11  
  143  17:57  Hydralisk x8  
  165  18:19  Hydralisk x10  
  157  18:20  Hydralisk x2  
  171  18:32  Corruptor  
  171  18:33  Corruptor x2  
  143  18:49  Hydralisk x7  
  149  19:01  Hydralisk x5  
  149  19:02  Hydralisk  
  140  19:16  Drone  
  140  19:17  Drone x14  
  132  19:21  Hatchery  
  117  19:28  Hydralisk x6  
Show
View Real Time Build Order
Export as new Build Order

ANALyzer Protoss 

Build Orders: 1 Gate Expand, Carriers 

Get SALT Encoding   

  12  0:01  Probe  
  13  0:13  Probe  
  14  0:19  Pylon  
  14  0:25  Probe  
  15  0:37  Probe  
  15  0:40  Gateway  
  16  0:49  Probe  
  17  1:01  Probe  
  18  1:13  Probe  
  19  1:23  Nexus  
  19  1:32  Probe  
  20  1:40  Cybernetics Core  
  20  1:48  Pylon  
  20  1:51  Assimilator  
  20  1:55  Assimilator  
  20  2:04  Probe (Chrono Boost)  
  21  2:16  Probe (Chrono Boost)  
  21  2:21  Adept  
  24  2:26  Probe (Chrono Boost)  
  25  2:34  Probe (Chrono Boost)  
  27  2:38  Probe (Chrono Boost)  
  27  2:39  Probe (Chrono Boost)  
  28  2:45  Shield Battery  
  28  2:47  Probe  
  28  2:48  Probe  
  30  2:59  Probe  
  30  3:00  Pylon  
  30  3:01  Probe  
  32  3:08  Protoss Air Weapons Level 1  
  32  3:10  Sentry  
  32  3:11  Probe  
  35  3:13  Probe  
  36  3:21  Nexus  
  36  3:24  Probe  
  36  3:26  Probe  
  38  3:36  Probe, Adept  
  38  3:38  Probe  
  42  3:42  Stargate  
  42  3:48  Probe  
  42  3:51  Probe  
  42  3:55  Assimilator  
  44  4:00  Probe  
  44  4:02  Pylon  
  45  4:03  Probe  
  45  4:06  Pylon  
  46  4:13  Assimilator, Probe  
  46  4:15  Probe, Adept  
  50  4:25  Probe  
  50  4:28  Fleet Beacon, Probe  
  52  4:35  Pylon  
  52  4:36  Probe  
  52  4:37  Probe  
  52  4:38  Forge  
  54  4:40  Probe  
  55  4:48  Probe  
  55  4:49  Probe  
  55  4:52  Probe  
  58  4:57  Pylon  
  58  5:00  Probe  
  58  5:01  Probe, Shield Battery  
  58  5:03  Shield Battery  
  58  5:04  Probe  
  61  5:12  Stargate, Probe  
  61  5:13  Probe  
  63  5:15  Stargate  
  63  5:28  Probe x3  
  66  5:31  Assimilator  
  66  5:32  Protoss Air Weapons Level 2 (Chrono Boost)  
  66  5:35  Assimilator  
  66  5:40  Probe  
  67  5:43  Photon Cannon  
  67  5:45  Probe x2  
  67  5:47  Photon Cannon  
  69  5:51  Photon Cannon  
  69  5:52  Probe  
  69  5:54  Protoss Shields Level 1  
  70  5:58  Probe x2, Carrier  
  78  6:04  Probe  
  79  6:20  Probe x3  
  82  6:32  Probe x3  
  85  6:33  Nexus  
  85  6:36  Pylon  
  85  6:37  Pylon x2  
  85  6:39  Pylon  
  85  6:41  Carrier  
  85  6:43  Pylon  
  85  6:44  Probe  
  85  6:46  Pylon  
  92  6:49  Cybernetics Core  
  92  6:50  Pylon  
  92  6:53  Probe x2  
  94  6:57  Probe  
  94  7:00  Assimilator  
  95  7:05  Assimilator, Probe x2  
  95  7:07  Photon Cannon  
  97  7:10  Photon Cannon  
  97  7:13  Photon Cannon  
  97  7:15  Photon Cannon  
  97  7:16  Carrier (Chrono Boost)  
  103  7:29  Twilight Council  
  103  7:38  Carrier (Chrono Boost)  
  103  7:40  Protoss Air Weapons Level 3 (Chrono Boost)  
  103  7:41  Protoss Air Armor Level 1 (Chrono Boost)  
  109  7:56  Probe, Carrier (Chrono Boost)  
  109  7:57  Probe x3  
  115  8:08  Stargate  
  115  8:09  Probe  
  115  8:10  Stargate  
  115  8:12  Stargate  
  112  8:17  Carrier (Chrono Boost)  
  118  8:28  Protoss Shields Level 2  
  118  8:30  Shield Battery  
  118  8:31  Shield Battery  
  118  8:53  Oracle  
  118  8:55  Shield Battery  
  121  8:57  Pylon, Shield Battery  
  121  9:01  Pylon  
  121  9:03  Pylon  
  121  9:06  Pylon  
  133  9:10  Carrier x3  
  133  9:14  Nexus  
  133  9:16  Pylon  
  139  9:18  Pylon  
  139  9:21  Pylon  
  139  9:23  Carrier  
  145  9:29  Protoss Air Armor Level 2  
  145  9:34  Robotics Facility  
  145  9:40  Carrier  
  148  9:59  Photon Cannon  
  148  10:00  Photon Cannon  
  148  10:02  Photon Cannon, Carrier  
  148  10:05  Photon Cannon  
  153  10:08  Photon Cannon  
  153  10:10  Photon Cannon  
  159  10:14  Carrier  
  149  10:45  Carrier x2  
  149  10:46  Carrier  
  158  11:03  Probe  
  158  11:04  Probe x3  
  163  11:11  Observer  
  163  11:15  Probe  
  163  11:16  Probe x3  
  167  11:24  Carrier  
  166  11:31  Probe x3  
  170  11:32  Observer  
  170  11:33  Assimilator  
  170  11:36  Assimilator  
  170  11:56  Nexus  
  170  12:01  Pylon  
  176  12:08  Protoss Air Armor Level 3, Carrier  
  170  12:27  Observer  
  171  12:30  Charge  
  171  12:31  Carrier  
  171  12:32  Carrier  
  183  12:40  Probe  
  183  12:41  Probe x3  
  187  12:49  Carrier  
  187  12:50  Protoss Shields Level 3 (Chrono Boost)  
  193  12:53  Probe x2  
  193  12:55  Pylon  
  195  13:16  Assimilator  
  195  13:18  Assimilator  
  195  13:21  Photon Cannon  
  195  13:23  Photon Cannon  
  195  13:25  Photon Cannon  
  195  13:27  Pylon  
  195  13:30  Pylon  
  195  13:34  Pylon  
  195  14:09  Shield Battery  
  195  14:11  Shield Battery  
  195  14:14  Photon Cannon  
  195  14:16  Photon Cannon  
  189  14:18  Photon Cannon  
  189  14:19  Mothership (Chrono Boost)  
  189  14:20  Photon Cannon  
  189  14:22  Photon Cannon  
  197  14:25  Photon Cannon  
  191  14:46  Nexus  
  191  14:49  Carrier  
  191  14:50  Pylon  
  197  14:53  Pylon  
  197  14:55  Pylon  
  197  15:00  Pylon  
  197  15:02  Pylon  
  197  15:05  Pylon, Photon Cannon  
  197  15:07  Pylon, Photon Cannon  
  197  15:09  Photon Cannon  
  197  15:13  Photon Cannon  
  185  15:14  Photon Cannon  
  185  15:15  Photon Cannon  
  185  15:16  Photon Cannon  
  185  15:19  Photon Cannon x2  
  185  15:20  Photon Cannon  
  173  15:24  Photon Cannon  
  173  15:29  Gateway x2  
  173  15:31  Gateway  
  173  15:32  Protoss Ground Weapons Level 1 (Chrono Boost)  
  173  15:33  Gateway  
  173  15:35  Gateway  
  173  15:37  Gateway  
  173  15:38  Gateway  
  173  15:40  Gateway  
  173  15:42  Gateway  
  173  15:47  Gateway  
  173  15:49  Gateway  
  173  15:52  Gateway x2  
  125  16:50  Observer (Chrono Boost)  
  125  16:51  Gateway  
  125  16:52  Warp Gate (Chrono Boost)  
  125  16:53  Gateway  
  126  16:55  Gateway  
  126  16:56  Gateway  
  126  16:59  Gateway  
  126  17:00  Gateway, Carrier x6  
  162  17:03  Gateway  
  162  17:04  Warp Prism (Chrono Boost)  
  104  18:37  Zealot x2  
  104  18:38  Zealot x7  
  104  18:39  Zealot x4  
  104  18:40  Zealot x5  
  134  18:41  Zealot x2  
  136  18:59  Zealot x4  
  136  19:00  Zealot x6  
  136  19:01  Zealot x3  
  142  19:16  Zealot x4  
  142  19:17  Zealot x4  
  116  19:34  Zealot x4  
  116  19:35  Zealot x3  
  116  19:36  Zealot x3  
  116  19:37  Zealot x4  
  116  19:38  Zealot x3  
Tags
 
Add a new tag
Caveats
  • Supply blocks, unpowered buildings, or Contaminate may cause inaccurate times.
  • Supply counts are checked every 10 seconds.